TOP OF THE 1ST |
Syracuse Chiefs batting - Pitching for Iowa Cubs : RHP Ryohei Uda
|
Pitching: RHP Ryohei Uda
|
|
Batting: LHB Pat Aviles
|
0-0: Called Strike 0-1: Foul Ball, location: 2F 0-2: Ball 1-2: Fly out, F7 (Flyball, 7D, EV 89.4 MPH)
|
Batting: RHB Dusty Ballard
|
0-0: Ball 1-0: Ground out 2-3 (Groundball, 2L, EV 66.2 MPH)
|
Batting: LHB Jae-ik Soung
|
0-0: Called Strike 0-1: Swinging Strike 0-2: Foul Ball, location: 2F 0-2: Ball 1-2: Strikes out swinging
|
Top of the 1st over - 0 runs, 0 hits, 0 errors, 0 left on base; Syracuse 0 - Iowa 0 |
BOTTOM OF THE 1ST |
Iowa Cubs batting - Pitching for Syracuse Chiefs : LHP Mike Tracy
|
Pitching: LHP Mike Tracy
|
|
Batting: SHB Seung-ho Zhang
|
0-0: Ball 1-0: Ground out 3-1 (Groundball, 34, EV 83.1 MPH)
|
Batting: RHB Pat Barton
|
0-0: Called Strike 0-1: Foul Ball, location: 2F 0-2: Ball 1-2: SINGLE (Line Drive, 89S, EV 91.9 MPH)
|
Batting: RHB Francisco Ramirez
|
0-0: Ball 1-0: Foul Ball, location: 2F 1-1: Ball 2-1: Foul Ball, location: 2F 2-2: Foul Ball, location: 2F 2-2: Ball 3-2: Fly out, F8 (Flyball, 89M, EV 92.5 MPH)
|
Batting: RHB Lupe Covarrubias
|
0-0: Swinging Strike 0-1: Ball 1-1: SINGLE (Groundball, 56D, EV 101.9 MPH) Pat Barton to second
|
Batting: RHB Adam O'Hare
|
0-0: Ball 1-0: SINGLE (Groundball, 6MD, EV 107.5 MPH) Pat Barton to third Lupe Covarrubias to second Runner from 3rd tries for Home, SAFE, throw by CF to home Lupe Covarrubias to third Adam O'Hare to second
|
Batting: RHB Sam Sours
|
0-0: Called Strike 0-1: Ball 1-1: Fly out, F5 (Popup, 5, EV 70.0 MPH)
|
Bottom of the 1st over - 1 run, 3 hits, 0 errors, 2 left on base; Syracuse 0 - Iowa 1 |
TOP OF THE 2ND |
Syracuse Chiefs batting - Pitching for Iowa Cubs : RHP Ryohei Uda
|
Batting: LHB Doug Anderson
|
0-0: Called Strike 0-1: Swinging Strike 0-2: Strikes out looking
|
Batting: RHB Jim Miske
|
0-0: Swinging Strike 0-1: Swinging Strike 0-2: Foul Ball, location: 2F 0-2: Foul Ball, location: 2F 0-2: Ball 1-2: Foul Ball, location: 2F 1-2: Fly out, F7 (Line Drive, 78D, EV 98.8 MPH)
|
Batting: LHB Tom Reynolds
|
0-0: Ball 1-0: Swinging Strike 1-1: Foul Ball, location: 2F 1-2: Ball 2-2: Strikes out looking
|
Top of the 2nd over - 0 runs, 0 hits, 0 errors, 0 left on base; Syracuse 0 - Iowa 1 |
BOTTOM OF THE 2ND |
Iowa Cubs batting - Pitching for Syracuse Chiefs : LHP Mike Tracy
|
Batting: RHB Adam Kelliher
|
0-0: Called Strike 0-1: Swinging Strike 0-2: Strikes out swinging
|
Batting: SHB Art Kent
|
0-0: Called Strike 0-1: Ball 1-1: Ball 2-1: Swinging Strike 2-2: Ball 3-2: Foul Ball, location: 2F 3-2: Base on Balls
|
Batting: RHB Khalil Stephens
|
0-0: Ball 1-0: Swinging Strike 1-1: Ball 2-1: Ball 3-1: Base on Balls Art Kent to second
|
Batting: SHB Seung-ho Zhang
|
0-0: Called Strike 0-1: Foul Ball, location: 2F 0-2: Ball 1-2: Foul Ball, location: 2F 1-2: Ball Wild Pitch! Art Kent to third Khalil Stephens to second 2-2: Ground out 6-3 (Groundball, 6, EV 108.8 MPH) Art Kent scores
|
Batting: RHB Pat Barton
|
0-0: Ball 1-0: Swinging Strike 1-1: Foul Ball, location: 2F 1-2: Reached on error, E1 (Groundball, 34S, EV 68.8 MPH) Khalil Stephens to third
|
Batting: RHB Francisco Ramirez
|
0-0: Ball Wild Pitch! Khalil Stephens scores Pat Barton to second 1-0: Called Strike 1-1: Swinging Strike 1-2: Foul Ball, location: 2F 1-2: Ball 2-2: Strikes out swinging
|
Bottom of the 2nd over - 2 runs, 0 hits, 1 error, 1 left on base; Syracuse 0 - Iowa 3 |
TOP OF THE 3RD |
Syracuse Chiefs batting - Pitching for Iowa Cubs : RHP Ryohei Uda
|
Batting: LHB John Luke
|
0-0: Ball 1-0: Foul Ball, location: 2F 1-1: Foul Ball, location: 2F 1-2: Ball 2-2: Ground out U3 (Groundball, 34, EV 90.6 MPH)
|
Batting: RHB Steve Perez
|
0-0: Swinging Strike 0-1: Called Strike 0-2: Ball 1-2: Ground out 1-3 (Groundball, 34S, EV 69.4 MPH)
|
Batting: SHB Alex Ethridge
|
0-0: SINGLE (Groundball, 4M, EV 96.2 MPH) (infield hit)
|
Batting: LHB Pat Aviles
|
0-0: Ball 1-0: Foul Ball, location: 2F 1-1: Ball 2-1: Ball 3-1: Base on Balls Alex Ethridge to second
|
Batting: RHB Dusty Ballard
|
0-0: Swinging Strike 0-1: 3-RUN HOME RUN (Flyball, 9D, EV 98.8 MPH), Distance : 387 ft
|
Batting: LHB Jae-ik Soung
|
0-0: Called Strike 0-1: SINGLE (Line Drive, 89M, EV 99.4 MPH)
|
Batting: LHB Doug Anderson
|
0-0: Ground out 1-3 (Groundball, 13S, EV 68.1 MPH)
|
Top of the 3rd over - 3 runs, 3 hits, 0 errors, 1 left on base; Syracuse 3 - Iowa 3 |
BOTTOM OF THE 3RD |
Iowa Cubs batting - Pitching for Syracuse Chiefs : LHP Mike Tracy
|
Batting: RHB Lupe Covarrubias
|
0-0: Called Strike 0-1: Called Strike 0-2: Fly out, F9 (Line Drive, 9S, EV 90.6 MPH)
|
Batting: RHB Adam O'Hare
|
0-0: Foul Ball, location: 2F 0-1: Ball 1-1: Foul Ball, location: 2F 1-2: Foul Ball, location: 2F 1-2: Strikes out looking
|
Batting: RHB Sam Sours
|
0-0: Swinging Strike 0-1: Ball 1-1: Swinging Strike 1-2: Foul Ball, location: 2F 1-2: SINGLE (Groundball, 25, EV 69.4 MPH) (infield hit)
|
Batting: RHB Adam Kelliher
|
0-0: Ball 1-0: Swinging Strike 1-1: Ball Sam Sours is caught stealing 2nd base 2-4
|
Bottom of the 3rd over - 0 runs, 1 hit, 0 errors, 0 left on base; Syracuse 3 - Iowa 3 |
TOP OF THE 4TH |
Syracuse Chiefs batting - Pitching for Iowa Cubs : RHP Ryohei Uda
|
Batting: RHB Jim Miske
|
0-0: Called Strike 0-1: Ball 1-1: Ball 2-1: Ball 3-1: Base on Balls
|
Batting: LHB Tom Reynolds
|
0-0: Ball 1-0: Fielders Choice at 2nd, 1-4 (Groundball, 15, EV 67.5 MPH)
|
Batting: LHB John Luke
|
0-0: Ball 1-0: Ball 2-0: Foul Ball, location: 2F 2-1: Foul Ball, location: 2F 2-2: Foul Ball, location: 2F 2-2: Ball 3-2: Base on Balls Tom Reynolds to second
|
Batting: RHB Steve Perez
|
0-0: Swinging Strike 0-1: Fly out, F9 (Flyball, 9S, EV 90.6 MPH)
|
Batting: SHB Alex Ethridge
|
0-0: Ball 1-0: Ball 2-0: Called Strike 2-1: DOUBLE (Flyball, 8LXD, EV 93.8 MPH) Tom Reynolds scores John Luke to third
|
Batting: LHB Pat Aviles
|
0-0: Ball 1-0: 3-RUN HOME RUN (Flyball, 89XD, EV 101.9 MPH), Distance : 387 ft
|
Pitching: RHP Karl Stuart
|
|
Batting: RHB Dusty Ballard
|
0-0: Ball 1-0: Ball 2-0: Foul Ball, location: 2F 2-1: Fly out, F9 (Flyball, 9, EV 89.4 MPH)
|
Top of the 4th over - 4 runs, 2 hits, 0 errors, 0 left on base; Syracuse 7 - Iowa 3 |
BOTTOM OF THE 4TH |
Iowa Cubs batting - Pitching for Syracuse Chiefs : LHP Mike Tracy
|
Batting: RHB Adam Kelliher
|
0-0: Ball 1-0: Ball 2-0: SINGLE (Line Drive, 9LS, EV 87.5 MPH)
|
Batting: SHB Art Kent
|
0-0: Foul Ball, location: 2F 0-1: Foul Ball, location: 2F 0-2: Strikes out swinging
|
Batting: RHB Khalil Stephens
|
0-0: Called Strike Adam Kelliher steals 2nd base (no throw) 0-1: Ball 1-1: Foul Ball, location: 2F 1-2: Ball 2-2: Foul Ball, location: 2F 2-2: Ball 3-2: SINGLE (Line Drive, 7S, EV 92.5 MPH) Adam Kelliher to third Runner from 3rd tries for Home, SAFE, throw by LF to home
|
Batting: SHB Seung-ho Zhang
|
0-0: Called Strike 0-1: Called Strike Khalil Stephens is caught stealing 2nd base 2-4 0-2: Ground out 6-3 (Groundball, 6, EV 104.4 MPH)
|
Bottom of the 4th over - 1 run, 2 hits, 0 errors, 0 left on base; Syracuse 7 - Iowa 4 |
TOP OF THE 5TH |
Syracuse Chiefs batting - Pitching for Iowa Cubs : RHP Karl Stuart
|
Batting: LHB Jae-ik Soung
|
0-0: Ball 1-0: Ball 2-0: Ball 3-0: Called Strike 3-1: Swinging Strike 3-2: Base on Balls
|
Batting: LHB Doug Anderson
|
0-0: Ball 1-0: Swinging Strike 1-1: Called Strike 1-2: Ball Jae-ik Soung is caught stealing 2nd base 2-6 2-2: Strikes out swinging
|
Batting: RHB Jim Miske
|
0-0: Ball 1-0: Foul Ball, location: 2F 1-1: Fly out, F8 (Flyball, 8LD, EV 100.6 MPH)
|
Top of the 5th over - 0 runs, 0 hits, 0 errors, 0 left on base; Syracuse 7 - Iowa 4 |
BOTTOM OF THE 5TH |
Iowa Cubs batting - Pitching for Syracuse Chiefs : LHP Mike Tracy
|
Batting: RHB Pat Barton
|
0-0: Called Strike 0-1: Ball 1-1: Foul Ball, location: 2F 1-2: Ball 2-2: Ground out 6-3 (Groundball, 6, EV 83.1 MPH)
|
Batting: RHB Francisco Ramirez
|
0-0: Ball 1-0: Ball 2-0: Fly out, F7 (Line Drive, 78M, EV 101.9 MPH)
|
Batting: RHB Lupe Covarrubias
|
0-0: Ball 1-0: Fly out, F7 (Flyball, 7S, EV 75.6 MPH)
|
Bottom of the 5th over - 0 runs, 0 hits, 0 errors, 0 left on base; Syracuse 7 - Iowa 4 |
TOP OF THE 6TH |
Syracuse Chiefs batting - Pitching for Iowa Cubs : RHP Karl Stuart
|
Batting: LHB Tom Reynolds
|
0-0: SINGLE (Flyball, 6D, EV 88.8 MPH)
|
Batting: LHB John Luke
|
0-0: Ground out 5-3 (Groundball, 56S, EV 71.2 MPH) Tom Reynolds to second
|
Batting: RHB Steve Perez
|
0-0: Fly out, F7 (Flyball, 7, EV 90.6 MPH)
|
Batting: SHB Alex Ethridge
|
0-0: Ball 1-0: Called Strike 1-1: Foul Ball, location: 2F 1-2: Foul Ball, location: 2F 1-2: Strikes out swinging
|
Top of the 6th over - 0 runs, 1 hit, 0 errors, 1 left on base; Syracuse 7 - Iowa 4 |
BOTTOM OF THE 6TH |
Iowa Cubs batting - Pitching for Syracuse Chiefs : LHP Mike Tracy
|
Batting: RHB Adam O'Hare
|
0-0: Called Strike 0-1: Ball 1-1: Foul Ball, location: 2F 1-2: Foul Ball, location: 2F 1-2: Ball 2-2: Strikes out swinging
|
Pitching: RHP Chris Wood
|
|
Batting: RHB Sam Sours
|
0-0: Called Strike 0-1: Ball 1-1: Fly out, F8 (Flyball, 8LM, EV 90.6 MPH)
|
Batting: RHB Adam Kelliher
|
0-0: Ball 1-0: Swinging Strike 1-1: Ball 2-1: Foul Ball, location: 2F 2-2: SINGLE (Groundball, 6D, EV 108.1 MPH)
|
Batting: SHB Art Kent
|
0-0: Ball 1-0: Ball 2-0: Ball 3-0: Base on Balls Adam Kelliher to second
|
Batting: RHB Khalil Stephens
|
0-0: Ball 1-0: Called Strike 1-1: SINGLE (Line Drive, 6D, EV 95.0 MPH) Adam Kelliher to third Art Kent to second Runner from 3rd tries for Home, SAFE, throw by CF to home
|
Batting: SHB Seung-ho Zhang
|
0-0: Ball 1-0: Ground out 5-3 (Groundball, 15, EV 86.9 MPH)
|
Bottom of the 6th over - 1 run, 2 hits, 0 errors, 2 left on base; Syracuse 7 - Iowa 5 |
TOP OF THE 7TH |
Syracuse Chiefs batting - Pitching for Iowa Cubs : RHP Karl Stuart
|
Batting: LHB Pat Aviles
|
0-0: Ball 1-0: Foul Ball, location: 2F 1-1: Foul Ball, location: 2F 1-2: Strikes out swinging
|
Batting: RHB Dusty Ballard
|
0-0: Called Strike 0-1: Ball 1-1: SINGLE (Line Drive, 34D, EV 109.4 MPH)
|
Batting: LHB Jae-ik Soung
|
0-0: Ball Dusty Ballard steals 2nd base (no throw) 1-0: Ball 2-0: Ball 3-0: Base on Balls
|
Batting: LHB Doug Anderson
|
0-0: Ball 1-0: Called Strike 1-1: Ball 2-1: Ball 3-1: Base on Balls Dusty Ballard to third Jae-ik Soung to second
|
Batting: RHB Jim Miske
|
0-0: Called Strike 0-1: Foul Ball, location: 2F 0-2: Ball 1-2: Foul Ball, location: 2F 1-2: Foul Ball, location: 2F 1-2: Ball 2-2: Ball 3-2: Strikes out swinging
|
Pitching: RHP Chris Perretta
|
|
Batting: LHB Tom Reynolds
|
0-0: Ball 1-0: Ball 2-0: Ground out U3 (Groundball, 3S, EV 83.8 MPH)
|
Top of the 7th over - 0 runs, 1 hit, 0 errors, 3 left on base; Syracuse 7 - Iowa 5 |
BOTTOM OF THE 7TH |
Iowa Cubs batting - Pitching for Syracuse Chiefs : RHP Chris Wood
|
Pinch Hitting: LHB Mark Ingram
|
0-0: Ground out 5-3 (Groundball, 56, EV 78.1 MPH)
|
Batting: RHB Francisco Ramirez
|
0-0: Ground out 5-3 (Groundball, 5, EV 104.4 MPH)
|
Batting: RHB Lupe Covarrubias
|
0-0: Fly out, F6 (Popup, 4M, EV 53.1 MPH)
|
Bottom of the 7th over - 0 runs, 0 hits, 0 errors, 0 left on base; Syracuse 7 - Iowa 5 |
TOP OF THE 8TH |
Syracuse Chiefs batting - Pitching for Iowa Cubs : RHP Chris Perretta
|
Now at 2B: Leonardo Nava
|
|
Batting: LHB John Luke
|
0-0: Ground out U3 (Groundball, 3, EV 106.2 MPH)
|
Batting: RHB Steve Perez
|
0-0: Ball 1-0: Ball 2-0: Called Strike 2-1: SINGLE (Groundball, 6MD, EV 96.9 MPH)
|
Batting: SHB Alex Ethridge
|
0-0: Called Strike 0-1: Fly out, F8 (Flyball, 8RXD, EV 102.5 MPH)
|
Batting: LHB Pat Aviles
|
0-0: Called Strike 0-1: Swinging Strike 0-2: Strikes out swinging
|
Top of the 8th over - 0 runs, 1 hit, 0 errors, 1 left on base; Syracuse 7 - Iowa 5 |
BOTTOM OF THE 8TH |
Iowa Cubs batting - Pitching for Syracuse Chiefs : RHP Chris Wood
|
Batting: RHB Adam O'Hare
|
0-0: Called Strike 0-1: Ball 1-1: Ball 2-1: Foul Ball, location: 2F 2-2: Foul Ball, location: 2F 2-2: Ball 3-2: Ground out 6-3 (Groundball, 6, EV 103.1 MPH)
|
Pinch Hitting: LHB Barend van der Kamp
|
0-0: Ball 1-0: Called Strike 1-1: Called Strike 1-2: Ground out 4-3 (Groundball, 4, EV 105.0 MPH)
|
Pinch Hitting: LHB Angel Oropeza
|
0-0: Called Strike 0-1: Ball 1-1: Foul Ball, location: 2F 1-2: Strikes out looking
|
Bottom of the 8th over - 0 runs, 0 hits, 0 errors, 0 left on base; Syracuse 7 - Iowa 5 |
TOP OF THE 9TH |
Syracuse Chiefs batting - Pitching for Iowa Cubs : RHP Chris Perretta
|
Now at 3B: Armando Vilano
|
|
Now in LF: Barend van der Kamp
|
|
Now in CF: Seung-ho Zhang
|
|
Batting: RHB Dusty Ballard
|
0-0: Called Strike 0-1: Foul Ball, location: 2F 0-2: Foul Ball, location: 2F 0-2: Ground out 1-3 (Groundball, 23, EV 63.1 MPH)
|
Batting: LHB Jae-ik Soung
|
0-0: Ball 1-0: SOLO HOME RUN (Flyball, 9LD, EV 98.1 MPH), Distance : 363 ft
|
Batting: LHB Doug Anderson
|
0-0: Swinging Strike 0-1: Ground out U3 (Groundball, 23, EV 80.6 MPH)
|
Batting: RHB Jim Miske
|
0-0: Swinging Strike 0-1: Ball 1-1: Ground out 4-3 (Groundball, 4, EV 80.6 MPH)
|
Top of the 9th over - 1 run, 1 hit, 0 errors, 0 left on base; Syracuse 8 - Iowa 5 |
BOTTOM OF THE 9TH |
Iowa Cubs batting - Pitching for Syracuse Chiefs : RHP Chris Wood
|
Pitching: RHP Jamie Verberkmoes
|
|
Batting: SHB Art Kent
|
0-0: Called Strike 0-1: Ball 1-1: Ball 2-1: Ball 3-1: Fly out, F8 (Line Drive, 8RD, EV 83.8 MPH)
|
Batting: RHB Khalil Stephens
|
0-0: Ball 1-0: Foul Ball, location: 2F 1-1: Ball 2-1: Fly out, F8 (Line Drive, 8RM, EV 85.0 MPH)
|
Batting: SHB Seung-ho Zhang
|
0-0: Ball 1-0: Called Strike 1-1: Swinging Strike 1-2: Foul Ball, location: 2F 1-2: SINGLE (Groundball, 15S, EV 69.4 MPH) (infield hit)
|
Batting: RHB Leonardo Nava
|
0-0: Ball 1-0: Ball 2-0: Foul Ball, location: 2F 2-1: Called Strike 2-2: Strikes out swinging
|
Bottom of the 9th over - 0 runs, 1 hit, 0 errors, 1 left on base; Syracuse 8 - Iowa 5 |
|